 Dungeon Crawl Stone Soup version 0.29-a0-770-g2e8140cf71 (webtiles) character file.

Game seed: 9358497271036508052

609892 Querens the Axe Maniac (level 27, -10/216 (256) HPs)
             Began as a Meteoran Fighter on July 1, 2022.
             Was the Champion of Okawaru.
             Killed from afar by a Tzitzimitl (55 damage)
             ... with a bolt of negative energy
             ... called by a doom hound
             ... on level 2 of the Realm of Zot.
             The game lasted 02:52:19 (29301 turns).

Querens the Axe Maniac (Meteoran Fighter)          Turns: 29301, Time: 02:52:19

HP:   -10/216 (256) AC: 51    Str: 37    XL:     27
MP:   0/42          EV: 11    Int: 13    God:    Okawaru [******]
Gold: 3989          SH: 27    Dex: 18    Spells: 46/54 levels left

rFire   + + +      SeeInvis .   T - +6 broad axe (vamp)
rCold   + . .      Faith    .   r - +1 tower shield {rF+}
rNeg    . . .      Spirit   +   Z - +9 scales of the Dragon King {rPois rF+ rC+ Will+}
rPois   +          Reflect  .   C - +1 hat "Aqasurac" {rPois Will- Str-5 Slay+6}
rElec   +          Harm     .   B - +1 cloak of the Tuna {rF+ Str+8}
rCorr   .          Rampage  .   A - +5 pair of gloves of Omeotocu {Str+4}
Will    +++..                   n - +0 pair of boots "Puodison" {Str+3 Slay+3}
Stlth   ..........              U - amulet of guardian spirit
HPRegen 0.46/turn               p - ring "Dilugoni" {rElec AC+4 Int+2 Slay+2}
MPRegen 0.28/turn               J - +4 ring of slaying

@: doom-hounded, slowed, glowing, studying Maces & Flails, heavily drained, very
slow
A: sense surroundings 3, otherworldly, glowing, explore regen, dopey 1
}: 5/15 runes: decaying, serpentine, slimy, silver, abyssal
a: Renounce Religion, Heroism, Finesse, Duel


You were on level 2 of the Realm of Zot.
You worshipped Okawaru.
Okawaru was exalted by your worship.
You visited 10 branches of the dungeon, and saw 50 of its levels.
You visited the Abyss 1 time.
You also visited: Volcano.

You collected 8267 gold pieces.
You spent 4278 gold pieces at shops.

Inventory:

Hand Weapons
 G - a +2 vorpal broad axe
 N - a +0 sacred scourge of holy wrath
 T - a +6 vampiric broad axe (weapon)
 X - a +2 broad axe of flaming
Armour
 n - the +0 pair of boots "Puodison" (worn) {Str+3 Slay+3}
   (Okawaru gifted it to you on level 2 of the Orcish Mines)

   Str:       It affects your strength (+3).
   Slay:      It affects your accuracy & damage with ranged weapons and melee
   (+3).
 r - a +1 tower shield of fire resistance (worn)
 x - the +2 pair of boots of Decompression {rF+ Str+2 Int+4 Dex+3}
   (Okawaru gifted it to you on level 3 of the Vaults)

   Str:       It affects your strength (+2).
   Int:       It affects your intelligence (+4).
   Dex:       It affects your dexterity (+3).
   rF:        It protects you from fire.
 A - the +5 pair of gloves of Omeotocu (worn) {Str+4}
   (Okawaru gifted it to you on level 6 of the Lair of Beasts)

   Str:       It affects your strength (+4).
 B - the +1 cloak of the Tuna (worn) {rF+ Str+8}
   (Okawaru gifted it to you on level 3 of the Realm of Zot)

   Str:       It affects your strength (+8).
   rF:        It protects you from fire.
 C - the +1 hat "Aqasurac" (worn) {rPois Will- Str-5 Slay+6}
   (Okawaru gifted it to you on level 4 of the Snake Pit)

   Str:       It affects your strength (-5).
   Slay:      It affects your accuracy & damage with ranged weapons and melee
   (+6).
   rPois:     It protects you from poison.
   Will:      It decreases your willpower.
 K - a +1 tower shield of protection
 O - the +2 pair of boots of the World {rN+ Str+5 Int+8 Dex-5}
   (Okawaru gifted it to you on level 5 of the Vaults)

   Str:       It affects your strength (+5).
   Int:       It affects your intelligence (+8).
   Dex:       It affects your dexterity (-5).
   rN:        It protects you from negative energy.
 R - a +2 cloak of willpower
 Z - the +9 scales of the Dragon King (worn) {rPois rF+ rC+ Will+}
   (You bought it in a shop on level 10 of the Dungeon)

   rF:        It protects you from fire.
   rC:        It protects you from cold.
   rPois:     It protects you from poison.
   Will:      It increases your willpower.
Magical Staves
 L - a staff of earth
Jewellery
 a - the ring of the King {Drain rN+ Str+6 Int+2}
   (You found it on level 6 of the Lair of Beasts)

   [ring of strength]

   Str:       It affects your strength (+6).
   Int:       It affects your intelligence (+2).
   rN:        It protects you from negative energy.
   Drain:     It drains your maximum health when unequipped.
 c - a ring of magical power
 j - a ring of resist corrosion
 l - an amulet of regeneration
 p - the ring "Dilugoni" (left hand) {rElec AC+4 Int+2 Slay+2}
   (You found it on level 5 of the Pits of Slime)

   [ring of protection]

   AC:        It affects your AC (+4).
   Int:       It affects your intelligence (+2).
   Slay:      It affects your accuracy & damage with ranged weapons and melee
   (+2).
   rElec:     It insulates you from electricity.
 s - a ring of see invisible
 u - a ring of flight
 F - a +6 ring of intelligence
 H - a ring of willpower
 J - a +4 ring of slaying (right hand)
 S - a ring of protection from cold
 U - an amulet of guardian spirit (around neck)
 W - an amulet of magic regeneration
Wands
 i - a wand of digging (19)
Scrolls
 e - 4 scrolls of enchant weapon
 f - 9 scrolls of teleportation
 g - a scroll of brand weapon
 h - 9 scrolls of fear
 k - 8 scrolls of magic mapping
 t - 4 scrolls of enchant armour
 v - 8 scrolls of fog
 w - 13 scrolls of blinking
 y - 3 scrolls of silence
 V - 3 scrolls of immolation
Potions
 b - 17 potions of curing
 d - 5 potions of might
 m - 3 potions of cancellation
 o - 2 potions of resistance
 q - 7 potions of brilliance
 z - 14 potions of lignification
 D - 5 potions of berserk rage
 E - 12 potions of heal wounds
 I - 10 potions of haste
 M - 5 potions of magic
 P - 4 potions of flight
 Q - 9 potions of mutation
 Y - 4 potions of ambrosia


   Skills:
 + Level 22.7 Fighting
 O Level 27 Axes
 + Level 24.6 Armour
 - Level 6.0 Dodging
 + Level 26.6 Shields
 + Level 14.2 Spellcasting
 + Level 13.2 Necromancy
 + Level 14.3 Transmutations
 - Level 12.0 Invocations


You had 46 spell levels left.
You knew the following spells:

 Your Spells              Type           Power      Damage    Failure   Level
a - Necromutation         Tmut/Necr      22%        N/A       100%        8

Your spell library contained the following spells:

 Spells                   Type           Power      Damage    Failure   Level
 Necrotize                Necr           100%       1d9       1%          1
 Dispel Undead            Necr           43%        3d17      1%          4
 Passwall                 Tmut/Erth      22%        N/A       2%          2
 Blade Hands              Tmut           23%        N/A       2%          5
 Agony                    Necr           43%        N/A       4%          5
 Anguish                  Hex/Necr       13%        N/A       24%         4
 Apportation              Tloc           18%        N/A       34%         1
 Foxfire                  Conj/Fire      36%        2x1d5     34%         1
 Freeze                   Ice            36%        1d6       34%         1
 Magic Dart               Conj           36%        1d4       34%         1
 Slow                     Hex            36%        N/A       34%         1
 Ensorcelled Hibernation  Hex/Ice        18%        N/A       47%         2
 Poisonous Vapours        Pois/Air       18%        N/A       47%         2
 Searing Ray              Conj           18%        2d5       47%         2
 Static Discharge         Conj/Air       9%         3-5/arc   47%         2
 Corpse Rot               Necr/Pois/Air  20%        N/A       50%         4
 Borgnjor's Vile Clutch   Necr/Erth      13%        N/A       54%         5
 Conjure Flame            Conj/Fire      9%         6-21      71%         3
 Dazzling Flash           Conj/Hex       18%        N/A       71%         3
 Frozen Ramparts          Ice            18%        1d3       71%         3
 Inner Flame              Hex/Fire       9%         N/A       71%         3
 Mephitic Cloud           Conj/Pois/Air  9%         N/A       71%         3
 Portal Projectile        Hex/Tloc       18%        N/A       71%         3
 Swiftness                Air            9%         N/A       71%         3
 Eringya's Noxious Bog    Tmut/Pois      13%        N/A       96%         6
 Statue Form              Tmut/Erth      18%        N/A       96%         6
 Cause Fear               Hex            4%         N/A       98%         4
 Flame Wave               Conj/Fire      9%         2d5       98%         4
 Fulminant Prism          Conj/Hex       4%         3d6       98%         4
 Hailstorm                Conj/Ice       9%         3d4       98%         4
 Iskenderun's Mystic Bla  Conj/Tloc      9%         2d4       98%         4
 Leda's Liquefaction      Hex/Erth       4%         N/A       98%         4
 Sticky Flame             Conj/Fire      9%         2d3       98%         4
 Fireball                 Conj/Fire      4%         3d4       100%        5
 Iskenderun's Battlesphe  Conj           9%         2d6       100%        5
 Lee's Rapid Deconstruct  Erth           4%         3d6*      100%        5
 Metabolic Englaciation   Hex/Ice        4%         N/A       100%        5
 Silence                  Hex/Air        4%         N/A       100%        5
 Conjure Ball Lightning   Conj/Air       4%         3x3d6     100%        6
 Iron Shot                Conj/Erth      4%         9d2       100%        6
 Enfeeble                 Hex            4%         N/A       100%        7
 Orb of Destruction       Conj           4%         9d5       100%        7
 Storm Form               Tmut/Air       13%        N/A       100%        7
 Maxwell's Capacitive Co  Air            4%         ∞         100%        8
 Death's Door             Necr           21%        N/A       100%        9
 Animate Dead             Necr           Unusable   N/A       N/A         4
 Death Channel            Necr           Unusable   N/A       N/A         6
 Summon Small Mammal      Summ           Unusable   N/A       N/A         1
 Call Imp                 Summ           Unusable   N/A       N/A         2
 Call Canine Familiar     Summ           Unusable   N/A       N/A         3
 Summon Guardian Golem    Hex/Summ       Unusable   N/A       N/A         3
 Tukima's Dance           Hex            Unusable   N/A       N/A         3
 Animate Armour           Summ/Erth      Unusable   N/A       N/A         4
 Summon Lightning Spire   Summ/Air       Unusable   N/A       N/A         4
 Simulacrum               Ice/Necr       Unusable   N/A       N/A         6
 Haunt                    Necr/Summ      Unusable   N/A       N/A         7
 Spellforged Servitor     Conj/Summ      Unusable   N/A       N/A         7

Dungeon Overview and Level Annotations

Branches:
Dungeon (15/15) Zot: 235   Temple (1/1) D:6 Zot: 547    Lair (6/6) D:10 Zot: 392
  Swamp (4/4) Lair:4 Zot: 711   Snake (4/4) Lair:2 Zot: 161   Slime (5/5) Lair:6 Zot: 1586
    Orc (2/2) D:12 Zot: 217     Elf (0/3) Orc:2        Vaults (5/5) D:13 Zot: 118
  Crypt (0/3) Vaults:3     Depths (4/4) D:15 Zot: 233     Zot (4/5) Depths:4 Zot: 596
Volcano (visited)

Altars:
Ashenzari
Cheibriados
Dithmenos
Elyvilon
Fedhas
Gozag
Hepliaklqana
Kikubaaqudgha
Makhleb
Nemelex Xobeh
Okawaru
Qazlal
Ru
Sif Muna
Trog
Uskayaw
Vehumet
Wu Jian
Xom
Yredelemnul
Zin
The Shining One
Jiyva

Shops:
D:4 !   D:10 [   Orc:2 (?[::   Snake:2 ?   Snake:3 !!   Snake:4 ![[:
Vaults:5 [   Depths:3 =:=*   Depths:4 *

Portals:
Hell: Depths:1 Depths:2 Depths:3 Depths:4
Abyss: Depths:3
Pandemonium: Depths:1 Depths:2 Depths:3
Ziggurat: Depths:1

Annotations:
D:3 2 runed translucent doors, mn3067's ghost, amateur DEEE
D:13 6 transporters
Temple 2 transporters


Innate Abilities, Weirdness & Mutations

You passively map a large area around you.
You are easily found by Zot.
You glow in the dark.
You regain HP and MP as you explore.
You are dopey. (Int -2)


Message History

Okawaru accepts your kill.
You miss the doom hound.
You feel sick. You block the doom hound's attack. x2
A putrid mouth comes into view.
Unknown command.
Unknown command.
You completely miss the putrid mouth.
You open the doom hound like a pillowcase!!!
You kill the doom hound!
Okawaru accepts your kill.
You feel sick. You block the putrid mouth's attack. x2
Unknown command.
Unknown command.
You slice the putrid mouth!!
The putrid mouth is heavily damaged.
You feel sick. The putrid mouth throws miasma at you.
The foul vapour engulfs you!!
* * * LOW HITPOINT WARNING * * *
A bone dragon comes into view.
Unknown command.
You completely miss the putrid mouth.
The putrid mouth is heavily damaged.
You are engulfed in dark miasma.
You feel as though you will be slow longer.
* * * LOW HITPOINT WARNING * * *
You feel sick. You block the putrid mouth's attack.
The putrid mouth closely misses you.
Unknown command.
Blink to where?
Press: ? - help, Dir - move target
As you read the scroll of blinking, it crumbles to dust.
You feel sick.
You feel much better.
You feel sick.
The putrid mouth howls a warning cry!
A Tzitzimitl comes into view.
You feel sick.
You are no longer poisoned.
The Tzitzimitl gestures at you. The bolt of negative energy hits you!!!
You feel drained.
You die...

*...... , ####.....# , ###
#...#.... * , , #.### #......# ,
....# .....# , ,, * #.#.# ##....#
* , , , ....# ##.<...# , #.#.#
##...#### .# *,, (...#####
##..)#@.1##.# * **
#.#.....###...##......# **,
........##....##...2..#
#/#.....#.....####..DW#####
......>.....?..?..........##
#.#........................##
...........)...........<..°.##
........#.....####....##.†°..####
..........................°......


You could see a bone dragon, a Tzitzimitl, a putrid mouth and a tormentor.

Vanquished Creatures
  the Royal Jelly (Slime:5)
  3 dread liches (Vaults:5)
  An orb of fire (Zot:1)
  Mennas (Vaults:4)
  2 juggernauts
  Sojobo (Vaults:4)
  Parghit (Zot:1)
  Vv (Depths:2)
  Frederick (Vaults:2)
  Bai Suzhen (Swamp:3)
  A Killer Klown (Zot:4)
  2 curse toes (Zot:4)
  6 golden dragons
  A caustic shrike (Depths:2)
  Nikola (Depths:1)
  4 bone dragons
  An electric golem (Zot:4)
  15 tentacled monstrosities
  Jorgrun (D:12)
  3 hellephants (Depths:3)
  3 doom hounds (Zot:2)
  2 liches
  A walking divine tome (Depths:2)
  A walking frostbound tome (Depths:3)
  Grunn (Zot:2)
  18 acid blobs
  6 sphinxes
  5 quicksilver dragons
  5 titans
  5 death cobs
  Kirke (Lair:6)
  10 tengu reavers
  4 draconian monks
  10 rockslimes
  Donald (Snake:2)
  16 shadow dragons
  A fenstrider witch (shapeshifter) (Depths:3)
  8 azure jellies
  7 nagarajas
  A revenant (Vaults:3)
  The ghost of Amaepin the Devastator, an adept DsCj of Vehumet (Snake:2)
  11 storm dragons
  3 draconian knights
  A deep elf sorcerer (Vaults:5)
  9 draconian shifters
  11 frost giants
  2 iron dragons
  4 ghost moths
  7 fire giants
  Aizul (Snake:2)
  2 orc warlords
  8 draconian scorchers
  4 spectral caustic shrikes (Depths:2)
  Louise (Snake:4)
  5 draconian annihilators
  3 spriggan defenders
  4 ghouls
  12 vault wardens
  8 ironbound thunderhulks
  2 draconian stormcallers (Zot:4)
  20 stone giants
  2 reapers (Zot:2)
  14 ironbound preservers
  32 very ugly things
  3 vampire knights
  A deep elf demonologist (Depths:3)
  3 war gargoyles
  12 quicksilver oozes
  5 grey draconians (Zot:3)
  8 green draconians
  4 black draconians
  5 eleionomae
  10 red draconians
  7 purple draconians
  2 putrid mouths (Zot:2)
  3 entropy weavers
  5 white draconians
  5 dire elephants
  A bunyip (Swamp:2)
  11 yellow draconians
  5 spark wasps
  Snorg (Orc:2)
  7 fire dragons
  An ettin (shapeshifter) (Vaults:5)
  3 deep elf death magi (Vaults:5)
  13 ettins
  An eidolon (Vaults:3)
  2 merfolk impalers
  A shambling mangrove (Swamp:4)
  36 vault guards
  2 crystal guardians
  2 blizzard demons (Abyss:4)
  10 yaktaur captains
  3 rakshasas
  5 boulder beetles
  9 great orbs of eyes
  5 salamander tyrants
  Erolcha (D:9)
  29 hydras
  5 catoblepae
  4 ghost crabs
  10 ice dragons
  An anaconda (shapeshifter) (Vaults:5)
  3 peacekeepers
  A death knight (Vaults:3)
  16 centaur warriors
  8 spriggan air magi
  8 two-headed ogres
  6 ironbound frosthearts
  12 naga warriors
  An ogre mage (D:15)
  8 alligators
  An alligator (shapeshifter) (Depths:3)
  9 anacondas
  5 tengu warriors
  11 deep troll shamans
  A vampire mage (Depths:3)
  9 death yaks
  15 naga sharpshooters
  8 deep troll earth magi
  4 hell hogs (Depths:3)
  10 spriggan berserkers
  8 shock serpents
  3 orc high priests (Orc:2)
  A thrashing horror (Abyss:4)
  7 hell knights
  Urug (D:10)
  4 spriggans
  Sonja (Lair:2)
  5 salamander mystics
  9 iron trolls
  7 goliath frogs
  5 glowing orange brains
  5 naga ritualists
  39 deep trolls
  5 bog bodies
  A flayed ghost (Depths:3)
  4 spriggan druids
  12 wizards
  8 swamp dragons
  11 mana vipers
  9 necromancers
  26 ironbound convokers
  12 harpies
  4 phantasmal warriors
  5 deep elf zephyrmancers
  A lindwurm (shapeshifter) (Depths:4)
  A lindwurm (Lair:4)
  4 orc sorcerers
  10 deep elf pyromancers
  7 shining eyes
  5 will-o-the-wisps
  46 ugly things
  A spectral shock serpent (Snake:2)
  15 orc knights
  18 salamanders
  2 wolf spiders
  2 manticores
  8 cyclopes
  A sphinx skeleton (Vaults:3)
  A fire giant skeleton (Vaults:2)
  15 moths of wrath
  An iron dragon skeleton (Vaults:3)
  15 elephants
  38 black mambas
  8 guardian serpents (Snake:4)
  15 vault sentinels
  2 rust devils (D:12)
  6 molten gargoyles (Volcano)
  3 eyes of devastation
  5 smoke demons
  2 torpor snails (Lair:4)
  6 gargoyles
  12 naga magi
  An eye of devastation (shapeshifter) (Vaults:5)
  Psyche (D:12)
  11 cane toads
  2 orange demons
  An unseen horror (D:12)
  6 rime drakes (Lair:4)
  A yaktaur zombie (Vaults:2)
  9 komodo dragons
  2 tengu conjurers
  31 yaktaurs
  A tormentor (Zot:2)
  5 freezing wraiths
  A golden dragon simulacrum (Vaults:3)
  A red devil (D:12)
  2 efreet
  4 tyrant leeches
  17 hornets
  2 polar bears (Lair:6)
  Prince Ribbit (D:9)
  Grinder (D:6)
  2 tengu simulacra (Vaults:3)
  98 slime creatures
  2 dream sheep (shapeshifter)
  3 large abominations
  5 raiju (Abyss:4)
  A stone giant simulacrum (Abyss:4)
  9 blink frogs
  10 dream sheep
  A spectral black mamba (Snake:2)
  2 shadows
  8 water elementals
  A spriggan (shapeshifter) (Vaults:5)
  2 wraiths
  40 yaks
  4 centaur simulacra
  3 wyverns
  2 vampires
  2 naga simulacra (Snake:2)
  5 hogs (Lair:6)
  An elf simulacrum (Vaults:2)
  A golden eye (shapeshifter) (Vaults:5)
  13 golden eyes
  6 basilisks
  A steam dragon (D:10)
  2 humans (Lair:6)
  2 redbacks (Vaults:2)
  3 vampire mosquitoes
  A neqoxec (Abyss:4)
  A warg (shapeshifter) (Vaults:5)
  A harpy simulacrum (D:14)
  45 nagas
  An acid dragon (D:14)
  A floating eye (Depths:3)
  19 water moccasins
  17 swamp worms
  A hell hound (Abyss:4)
  A glowing shapeshifter skeleton (Vaults:3)
  2 ice beasts
  2 sky beasts
  24 orc warriors
  8 swamp drakes (Swamp:4)
  2 black bears
  3 black mamba simulacra (Snake:2)
  5 small abominations
  10 ogres
  9 wolves
  3 centaurs
  3 kobold brigands
  A necrophage (D:6)
  7 scorpions
  18 bullfrogs
  3 wights
  2 spectral nagas (Snake:2)
  A human simulacrum (Vaults:2)
  21 killer bees
  An electric eel (D:13)
  10 howler monkeys
  17 starcursed masses (Abyss:4)
  A quasit (D:12)
  9 jellies
  A hound (D:6)
  16 orc priests
  7 iguanas
  23 orc wizards
  3 gnolls (D:2)
  7 adders
  A white imp (D:7)
  3 worms (D:2)
  6 dart slugs
  88 orcs
  9 endoplasms
  2 giant cockroaches (D:1)
  9 goblins
  5 hobgoblins
  6 jackals
  22 kobolds
  3 quokkas
  7 ball pythons
  9 bats
  2 frilled lizards (D:2)
  6 rats
  A fungus (Lair:6)
1955 creatures vanquished.

Vanquished Creatures (others)
  A draconian knight (Zot:3)
  A centaur warrior (Vaults:4)
  A smoke demon (D:12)
  A tengu conjurer (Depths:1)
  3 bloated husks
  A spriggan (Swamp:4)
  A necrophage (Swamp:4)
  An orc priest (Orc:1)
  6 demonic plants (D:12)
  24 foxfires
  79 fungi
  78 plants
197 creatures vanquished.

Grand Total: 2152 creatures vanquished

Notes
Turn   | Place    | Note
-------+----------+-------------------------------------------
     0 | D:1      | Querens the Meteoran Fighter began the quest for the Orb.
     0 | D:1      | Reached XP level 1. HP: 19/19 MP: 2/2
    52 | D:1      | Reached XP level 2. HP: 20/26 MP: 3/3
   171 | D:1      | Reached XP level 3. HP: 26/31 MP: 4/4
   269 | D:1      | Reached skill level 3 in Axes
   471 | D:1      | Glimpsed the power of Zot.
   490 | D:1      | Reached XP level 4. HP: 40/40 MP: 5/5
   518 | D:1      | Glimpsed the power of Zot.
   970 | D:2      | Reached XP level 5. HP: 37/46 MP: 6/6
  1043 | D:2      | Glimpsed the power of Zot.
  1092 | D:2      | Glimpsed the power of Zot.
  1291 | D:3      | Identified the +4 dagger "Jelly's Death" {speed, rPois rC+
                  | Str-2 Dex+2}
  1313 | D:3      | Found a runed translucent door.
  1327 | D:3      | Noticed mn3067's ghost (amateur DEEE)
  1329 | D:3      | Noticed a bullfrog
  1398 | D:3      | Found the +3 woodcutter's axe {vorpal}
  1488 | D:3      | Found a runed translucent door.
  1538 | D:4      | Reached XP level 6. HP: 51/52 MP: 7/7
  1579 | D:4      | Reached skill level 4 in Axes
  1579 | D:4      | Reached skill level 5 in Armour
  1579 | D:4      | Reached skill level 5 in Shields
  1715 | D:4      | Reached XP level 7. HP: 13/60 MP: 8/8
  1720 | D:4      | Identified 3 scrolls of acquirement
  1735 | D:4      | HP: 3/60 [wight/+2 scimitar of freezing (12)]
  1756 | D:5      | Entered Level 5 of the Dungeon
  1836 | D:4      | Reached skill level 5 in Fighting
  1946 | D:4      | Found Fuahalo's Distillery.
  1959 | D:4      | Bought a potion of attraction for 33 gold pieces
  1959 | D:4      | Bought a potion of curing for 33 gold pieces
  1959 | D:4      | Bought a potion of degeneration for 11 gold pieces
  1959 | D:4      | Bought a potion of curing for 33 gold pieces
  2041 | D:5      | Found a blossoming altar of Fedhas.
  2114 | D:5      | Reached skill level 5 in Axes
  2138 | D:5      | Reached XP level 8. HP: 34/68 MP: 9/9
  2244 | D:5      | Identified the +7 whip "Cazy" {flame, rElec rCorr Int+2
                  | SInv}
  2594 | D:6      | Reached skill level 6 in Axes
  2639 | D:6      | Gained mutation: You passively map the area around you.
                  | [Meteoran growth]
  2639 | D:6      | Reached XP level 9. HP: 50/75 MP: 10/10
  2670 | D:6      | Noticed Grinder
  2692 | D:6      | Paralysed by Grinder for 2 turns
  2696 | D:6      | Killed Grinder
  2748 | D:6      | Found a staircase to the Ecumenical Temple.
  2756 | Temple   | Entered the Ecumenical Temple
  2756 | Temple   | Found a transporter.
  2756 | Temple   | Found a transporter.
  2758 | Temple   | Found a transporter.
  2758 | Temple   | Found a transporter.
  2781 | Temple   | Became a worshipper of Warmaster Okawaru
  2849 | D:6      | Reached skill level 1 in Invocations
  2978 | D:7      | Reached skill level 7 in Axes
  3150 | D:7      | Noticed a white ugly thing
  3366 | D:7      | Found an opulent altar of Gozag.
  3370 | D:7      | Found a snail-covered altar of Cheibriados.
  3370 | D:7      | Found a glowing golden altar of the Shining One.
  3370 | D:7      | Found a hide-covered altar of Uskayaw.
  3413 | D:7      | Reached * piety under Okawaru
  3710 | D:7      | Found a shimmering altar of Xom.
  3712 | D:7      | Found a white marble altar of Elyvilon.
  3712 | D:7      | Found a white marble altar of Elyvilon.
  3714 | D:7      | Found a shimmering blue altar of Sif Muna.
  3714 | D:7      | Found a hide-covered altar of Uskayaw.
  3714 | D:7      | Found a white marble altar of Elyvilon.
  3769 | D:8      | Reached XP level 10. HP: 71/86 MP: 13/13
  3798 | D:8      | Found a hazy altar of Hepliaklqana.
  3799 | D:8      | Found a shadowy altar of Dithmenos.
  3920 | D:8      | Reached ** piety under Okawaru
  4047 | D:8      | Reached skill level 8 in Axes
  4074 | D:8      | Found a stormy altar of Qazlal.
  4230 | D:8      | Found a shimmering blue altar of Sif Muna.
  4472 | D:9      | Noticed Erolcha
  4486 | D:9      | Killed Erolcha
  4487 | D:9      | Reached skill level 5 in Invocations
  4617 | D:9      | Reached *** piety under Okawaru
  4706 | D:9      | Found a sacrificial altar of Ru.
  4816 | D:9      | Noticed Prince Ribbit
  4844 | D:9      | Killed Prince Ribbit
  5080 | D:9      | Reached skill level 9 in Axes
  5080 | D:9      | Reached XP level 11. HP: 54/95 MP: 16/16
  5165 | D:9      | Reached **** piety under Okawaru
  5327 | D:9      | Glimpsed the power of Zot.
  5378 | D:9      | Glimpsed the power of Zot.
  5406 | D:10     | Entered Level 10 of the Dungeon
  5409 | D:10     | Noticed Urug
  5532 | D:10     | Found Oduwuz's Antique Armour Shop.
  5613 | D:10     | Noticed a two-headed ogre
  5631 | D:10     | Reached skill level 10 in Axes
  5651 | D:10     | Killed a two-headed ogre
  5664 | D:10     | Reached skill level 10 in Armour
  5665 | D:10     | Reached skill level 10 in Shields
  5688 | D:10     | Killed Urug
  5688 | D:10     | Reached ***** piety under Okawaru
  5694 | D:10     | Found a staircase to the Lair.
  5842 | D:10     | Noticed a two-headed ogre
  5853 | D:10     | Killed a two-headed ogre
  5948 | D:10     | Noticed a two-headed ogre
  5960 | D:10     | Killed a two-headed ogre
  5961 | D:10     | Reached skill level 11 in Axes
  5961 | D:10     | Reached XP level 12. HP: 88/104 MP: 16/18
  5961 | D:10     | Acquired a manual of Shields
  5962 | D:10     | Acquired a manual of Axes
  5963 | D:10     | Acquired 624 gold pieces
  6003 | D:10     | Glimpsed the power of Zot.
  6053 | D:10     | Glimpsed the power of Zot.
  6155 | D:11     | Noticed a two-headed ogre
  6170 | D:11     | Killed a two-headed ogre
  6573 | D:12     | Noticed a boulder beetle
  6607 | D:12     | Reached skill level 12 in Axes
  6642 | D:12     | Killed a boulder beetle
  6830 | D:12     | Reached skill level 13 in Axes
  6868 | D:12     | Noticed Psyche
  6883 | D:12     | Reached skill level 10 in Fighting
  6890 | D:12     | Killed Psyche
  6896 | D:12     | Received a gift from Okawaru
  6937 | D:12     | Noticed an eight-headed hydra
  6937 | D:12     | Noticed a boulder beetle
  6955 | D:12     | Killed an eight-headed hydra
  6956 | D:12     | Reached skill level 14 in Axes
  6971 | D:12     | Reached XP level 13. HP: 94/113 MP: 15/20
  7001 | D:12     | Killed a boulder beetle
  7119 | D:12     | Noticed Jorgrun
  7152 | D:12     | Killed Jorgrun
  7158 | D:12     | Reached skill level 15 in Axes
  7308 | D:12     | Found a staircase to the Orcish Mines.
  7346 | D:12     | Glimpsed the power of Zot.
  7377 | Orc:1    | Entered Level 1 of the Orcish Mines
  7442 | Orc:1    | Reached skill level 10 in Invocations
  7507 | Orc:2    | Entered Level 2 of the Orcish Mines
  7507 | Orc:2    | Noticed an ettin
  7649 | Orc:2    | Reached skill level 16 in Axes
  7810 | Orc:2    | Found a staircase to the Elven Halls.
  7894 | Orc:2    | Reached skill level 17 in Axes
  7912 | Orc:2    | Identified the +0 pair of boots "Puodison" {Str+3 Slay+3}
                  | (Okawaru gifted it to you on level 2 of the Orcish Mines)
  7912 | Orc:2    | Received a gift from Okawaru
  7913 | Orc:2    | Reached XP level 14. HP: 48/124 MP: 23/23
  7949 | Orc:2    | Found Baiggirgh's Magic Scroll Shop.
  7949 | Orc:2    | Found Ywakh's Antique Armour Shoppe.
  7951 | Orc:2    | Found Mahu's Book Shoppe.
  7951 | Orc:2    | Found Jeuded's Book Shop.
  8075 | Orc:2    | Found Elloxyoc's Weapon Shoppe.
  8134 | Orc:2    | Noticed Snorg
  8164 | Orc:2    | Killed Snorg
  8264 | Orc:1    | Killed an ettin
  8436 | Orc:1    | Reached skill level 18 in Axes
  8606 | D:12     | Glimpsed the power of Zot.
  8623 | D:13     | Found a transporter.
  8623 | D:13     | Found a transporter.
  8623 | D:13     | Found a transporter.
  8625 | D:13     | Found a sparkling altar of Nemelex Xobeh.
  8625 | D:13     | Noticed a juggernaut
  8626 | D:13     | Found a transporter.
  8626 | D:13     | Found a transporter.
  8630 | D:13     | Found a transporter.
  8937 | D:13     | Reached ****** piety under Okawaru
  8959 | D:13     | Reached skill level 15 in Shields
  8983 | D:13     | Identified the +0 cloak of the Painted Hot Ocelot {Drain
                  | rN+ Will+} (Okawaru gifted it to you on level 13 of the
                  | Dungeon)
  8983 | D:13     | Received a gift from Okawaru
  8984 | D:13     | Reached skill level 19 in Axes
  9001 | D:13     | Found a gate to the Vaults.
  9240 | D:13     | Glimpsed the power of Zot.
  9289 | D:11     | Glimpsed the power of Zot.
  9328 | D:10     | Glimpsed the power of Zot.
  9338 | D:10     | Touched by the power of Zot.
  9356 | Lair:1   | Entered Level 1 of the Lair of Beasts
  9492 | Lair:1   | Reached XP level 15. HP: 86/86 MP: 25/25
  9501 | Lair:1   | Paralysed by a hornet for 2 turns
  9665 | Lair:2   | Found a staircase to the Snake Pit.
  9720 | Lair:2   | Noticed Sonja
  9735 | Lair:2   | Killed Sonja
  9815 | Lair:2   | Got the Collected Works on Beguiling
  9872 | Lair:2   | Reached skill level 20 in Axes
 10022 | Lair:2   | Received a gift from Okawaru
 10097 | Lair:3   | Paralysed by a hornet for 2 turns
 10566 | Lair:4   | Found a staircase to the Swamp.
 10754 | Lair:4   | Received a gift from Okawaru
 10809 | Lair:4   | Found the +4 skin of Zhor {*Englaciate rC+++ SInv}
 10817 | Lair:4   | Reached XP level 16. HP: 143/143 MP: 26/26
 10944 | Lair:4   | Found a dark tunnel.
 10951 | Volcano  | Entered a volcano
 11024 | Volcano  | Noticed an orb of fire
 11038 | Volcano  | Acquired 627 gold pieces
 11106 | Volcano  | Reached skill level 21 in Axes
 11172 | Volcano  | Noticed an orb of fire
 11358 | D:10     | Bought the +9 scales of the Dragon King {rPois rF+ rC+
                  | Will+} for 2620 gold pieces
 11358 | D:10     | Found the +9 scales of the Dragon King {rPois rF+ rC+
                  | Will+}
 11394 | D:11     | Glimpsed the power of Zot.
 11442 | D:10     | Glimpsed the power of Zot.
 11482 | D:10     | Glimpsed the power of Zot.
 11807 | Lair:5   | Found a glowing silver altar of Zin.
 12027 | Lair:6   | Entered Level 6 of the Lair of Beasts
 12077 | Lair:6   | Identified the +5 pair of gloves of Omeotocu {Str+4}
                  | (Okawaru gifted it to you on level 6 of the Lair of Beasts)
 12077 | Lair:6   | Received a gift from Okawaru
 12287 | Lair:6   | Identified the ring of the King {Drain rN+ Str+6 Int+2}
 12421 | Lair:6   | Noticed Kirke
 12422 | Lair:6   | Found a runed translucent door.
 12423 | Lair:6   | Found a viscous altar of Jiyva.
 12427 | Lair:6   | Reached skill level 15 in Armour
 12434 | Lair:6   | Killed Kirke
 12442 | Lair:6   | Found a staircase to the Slime Pits.
 12517 | Lair:6   | Reached XP level 17. HP: 142/151 MP: 24/27
 12773 | Snake:1  | Entered Level 1 of the Snake Pit
 12817 | Snake:1  | Reached skill level 22 in Axes
 12846 | Snake:1  | Received a gift from Okawaru
 13287 | Snake:1  | Glimpsed the power of Zot.
 13294 | Snake:2  | Found a runed translucent gate.
 13294 | Snake:2  | Found a runed translucent gate.
 13295 | Snake:2  | Found a runed translucent gate.
 13313 | Snake:2  | Noticed Amaepin's ghost (adept DsCj)
 13336 | Snake:2  | Killed Amaepin's ghost
 13557 | Snake:2  | Received a gift from Okawaru
 13608 | Snake:2  | Noticed Donald
 13629 | Snake:2  | Killed Donald
 13821 | Snake:2  | Noticed Aizul
 13835 | Snake:2  | Killed Aizul
 13836 | Snake:2  | Reached skill level 15 in Fighting
 13902 | Snake:2  | Gained mutation: You passively map a large area around you.
                  | [Meteoran growth]
 13902 | Snake:2  | Reached XP level 18. HP: 163/163 MP: 28/28
 13921 | Snake:2  | Glimpsed the power of Zot.
 13959 | Snake:2  | Found Huv Epiwuto's Magic Scroll Shop.
 13968 | Snake:2  | Bought 3 scrolls of blinking for 247 gold pieces
 13972 | Snake:2  | Glimpsed the power of Zot.
 14069 | Snake:3  | Identified the +9 spear of the Four Friars {speed, +Blink
                  | Fly Will++ Str-4}
 14330 | Snake:3  | Found Amoyd's Distillery.
 14330 | Snake:3  | Found Bukoniwk's Distillery.
 14349 | Snake:3  | Bought a potion of haste for 130 gold pieces
 14349 | Snake:3  | Bought a potion of heal wounds for 65 gold pieces
 14415 | Snake:4  | Entered Level 4 of the Snake Pit
 14504 | Snake:4  | Found Haoqor's Antique Armour Emporium.
 14506 | Snake:4  | Found Roaroit's Antique Armour Shoppe.
 14508 | Snake:4  | Found Olaefat's Distillery.
 14516 | Snake:4  | Bought a potion of heal wounds for 90 gold pieces
 14516 | Snake:4  | Bought a potion of heal wounds for 90 gold pieces
 14656 | Snake:4  | Found Lefepnok's Book Shoppe.
 14841 | Snake:4  | Reached skill level 23 in Axes
 14853 | Snake:4  | Noticed Louise
 14862 | Snake:4  | Identified the +1 hat "Aqasurac" {rPois Will- Str-5 Slay+6}
                  | (Okawaru gifted it to you on level 4 of the Snake Pit)
 14862 | Snake:4  | Received a gift from Okawaru
 14887 | Snake:4  | Killed Louise
 14972 | Snake:4  | Reached XP level 19. HP: 161/172 MP: 23/29
 14988 | Snake:4  | Got a serpentine rune of Zot
 15213 | Snake:4  | Glimpsed the power of Zot.
 15262 | Snake:1  | Glimpsed the power of Zot.
 15346 | Swamp:1  | Entered Level 1 of the Swamp
 15368 | Swamp:1  | You fall into a shaft and drop 1 floor!
 15480 | Swamp:2  | Received a gift from Okawaru
 16107 | Swamp:3  | Noticed a tentacled monstrosity
 16122 | Swamp:3  | Killed a tentacled monstrosity
 16160 | Swamp:3  | Received a gift from Okawaru
 16432 | Swamp:3  | Noticed Bai Suzhen
 16454 | Swamp:3  | Killed Bai Suzhen
 16524 | Swamp:4  | Entered Level 4 of the Swamp
 16542 | Swamp:4  | Received a gift from Okawaru
 16581 | Swamp:4  | Reached skill level 24 in Axes
 16581 | Swamp:4  | Reached XP level 20. HP: 183/183 MP: 30/30
 16722 | Swamp:4  | Got a decaying rune of Zot
 16984 | Slime:1  | Entered Level 1 of the Pits of Slime
 17416 | Slime:2  | Received a gift from Okawaru
 17661 | Slime:2  | Gained mutation: You are dopey. (Int -2) [a shining eye]
 17814 | Slime:3  | Reached XP level 21. HP: 193/193 MP: 17/31
 17846 | Slime:4  | Identified the +11 hand axe of Plog {speed, rC- Dex+8 SInv
                  | Stlth+} (Okawaru gifted it to you on level 4 of the Pits of
                  | Slime)
 17846 | Slime:4  | Received a gift from Okawaru
 17987 | Slime:5  | Entered Level 5 of the Pits of Slime
 18080 | Slime:5  | Noticed the Royal Jelly
 18114 | Slime:5  | Identified the +2 war axe of Dawn {speed, Stlth+} (Okawaru
                  | gifted it to you on level 5 of the Pits of Slime)
 18114 | Slime:5  | Received a gift from Okawaru
 18188 | Slime:5  | Found a viscous altar of Jiyva.
 18235 | Slime:5  | Reached skill level 25 in Axes
 18249 | Slime:5  | Killed the Royal Jelly
 18345 | Slime:5  | Identified the +5 flail of Qihakhle {vorpal, Fly rPois
                  | Str-5}
 18353 | Slime:5  | Identified the +0 ring mail of a sewer {rF+ Will+}
 18354 | Slime:5  | Identified the +4 ring mail "Cuipew" {Str+3 Int+4}
 18367 | Slime:5  | Got a slimy rune of Zot
 18431 | Slime:5  | Identified the ring "Dilugoni" {rElec AC+4 Int+2 Slay+2}
 18640 | Snake:1  | Glimpsed the power of Zot.
 18650 | Snake:1  | Touched by the power of Zot.
 18712 | Snake:3  | Bought 2 potions of haste for 320 gold pieces
 18712 | Snake:3  | Bought a potion of might for 64 gold pieces
 18712 | Snake:3  | Bought a potion of mutation for 128 gold pieces
 18749 | Snake:4  | Glimpsed the power of Zot.
 18789 | Snake:4  | Bought a potion of curing for 54 gold pieces
 18789 | Snake:4  | Bought a potion of mutation for 144 gold pieces
 18789 | Snake:4  | Bought a potion of mutation for 144 gold pieces
 18789 | Snake:4  | Bought a potion of might for 72 gold pieces
 18799 | Snake:4  | Glimpsed the power of Zot.
 18839 | Snake:3  | Glimpsed the power of Zot.
 18848 | Snake:1  | Touched by the power of Zot.
 18956 | D:10     | Touched by the power of Zot.
 19031 | Vaults:1 | Entered Level 1 of the Vaults
 19037 | Vaults:1 | Reached XP level 22. HP: 9/9 MP: 32/32
 19167 | Vaults:1 | Identified the +6 battleaxe "Brush" {vorpal, Dex+3}
                  | (Okawaru gifted it to you on level 1 of the Vaults)
 19167 | Vaults:1 | Received a gift from Okawaru
 19588 | Vaults:1 | Glimpsed the power of Zot.
 19643 | Vaults:1 | Glimpsed the power of Zot.
 19653 | Vaults:1 | Reached XP level 23. HP: 166/166 MP: 33/33
 19934 | Vaults:2 | Received a gift from Okawaru
 19935 | Vaults:2 | Noticed Frederick
 19947 | Vaults:2 | Killed Frederick
 20256 | Vaults:2 | Glimpsed the power of Zot.
 20310 | Vaults:2 | Glimpsed the power of Zot.
 20350 | Vaults:2 | Glimpsed the power of Zot.
 20360 | Vaults:2 | Touched by the power of Zot.
 20466 | Vaults:2 | Glimpsed the power of Zot.
 20518 | Vaults:3 | Noticed a bone dragon
 20537 | Vaults:3 | Killed a bone dragon
 20581 | Vaults:3 | Got Ysyvok's Papyrus of Sinister Rituals
 20593 | Vaults:3 | Learned a level 8 spell: Necromutation
 20782 | Vaults:3 | Reached skill level 1 in Spellcasting
 20782 | Vaults:3 | Reached skill level 1 in Transmutations
 20783 | Vaults:3 | Reached skill level 1 in Necromancy
 20834 | Vaults:3 | Reached skill level 26 in Axes
 20846 | Vaults:3 | Got Sif Muna's Volume of the Oath
 20931 | Vaults:3 | Reached XP level 24. HP: 208/209 MP: 33/33
 21082 | Vaults:3 | Identified the +2 pair of boots of Decompression {rF+ Str+2
                  | Int+4 Dex+3} (Okawaru gifted it to you on level 3 of the
                  | Vaults)
 21082 | Vaults:3 | Received a gift from Okawaru
 21122 | Vaults:3 | Glimpsed the power of Zot.
 21177 | Vaults:3 | Glimpsed the power of Zot.
 21215 | Abyss:4  | Cast into level 4 of the Abyss (vault warden)
 21274 | Abyss:4  | Got an abyssal rune of Zot
 21370 | Vaults:3 | Escaped the Abyss
 21375 | Vaults:3 | Glimpsed the power of Zot.
 21386 | Vaults:3 | Touched by the power of Zot.
 21423 | Vaults:3 | Found a staircase to the Crypt.
 21604 | Vaults:4 | Noticed Mennas
 21636 | Vaults:4 | Killed Mennas
 21717 | Vaults:4 | Reached skill level 5 in Transmutations
 21782 | Vaults:4 | Received a gift from Okawaru
 21789 | Vaults:4 | Reached skill level 5 in Spellcasting
 21907 | Vaults:4 | Reached skill level 5 in Necromancy
 22122 | Vaults:4 | Acquired 1062 gold pieces
 22150 | Vaults:4 | Glimpsed the power of Zot.
 22180 | Vaults:4 | Noticed Sojobo
 22186 | Vaults:4 | Killed Sojobo
 22197 | Vaults:4 | Reached XP level 25. HP: 206/225 MP: 25/33
 22205 | Vaults:4 | Glimpsed the power of Zot.
 22246 | Vaults:4 | Glimpsed the power of Zot.
 22256 | Vaults:4 | Touched by the power of Zot.
 22313 | Vaults:5 | Entered Level 5 of the Vaults
 22351 | Vaults:5 | Identified the +2 pair of boots of the World {rN+ Str+5
                  | Int+8 Dex-5} (Okawaru gifted it to you on level 5 of the
                  | Vaults)
 22351 | Vaults:5 | Received a gift from Okawaru
 22414 | Vaults:5 | Got Sif Muna's Papyrus of the Floating Entourage
 22459 | Vaults:5 | Noticed a dread lich
 22474 | Vaults:5 | Killed a dread lich
 22874 | Vaults:5 | Got a silver rune of Zot
 22940 | Vaults:5 | Received a gift from Okawaru
 22979 | Vaults:5 | Noticed a dread lich
 22991 | Vaults:5 | Killed a dread lich
 23006 | Vaults:5 | Reached XP level 26. HP: 232/235 MP: 30/35
 23011 | Vaults:5 | Found Ofeom's Armour Shoppe.
 23015 | Vaults:5 | Noticed a dread lich
 23023 | Vaults:5 | Killed a dread lich
 23043 | Vaults:5 | Identified the +2 scimitar "Simnab" {freeze, rPois MP+9
                  | Int-3 SInv}
 23044 | Vaults:5 | Identified the +2 hat "Piror" {Contam *Slow rN+++ MP+9}
 23071 | Vaults:5 | Glimpsed the power of Zot.
 23121 | Vaults:5 | Glimpsed the power of Zot.
 23161 | Vaults:5 | Glimpsed the power of Zot.
 23171 | Vaults:5 | Touched by the power of Zot.
 23233 | Vaults:5 | Identified the +1 scale mail of Jinnonof {rF+ Stlth+}
                  | (Okawaru gifted it to you on level 5 of the Vaults)
 23233 | Vaults:5 | Received a gift from Okawaru
 23293 | Vaults:5 | Glimpsed the power of Zot.
 23344 | Vaults:5 | Got Erus's Arcane Arts, Part Six
 23344 | Vaults:5 | Glimpsed the power of Zot.
 23384 | Vaults:5 | Glimpsed the power of Zot.
 23394 | Vaults:5 | Touched by the power of Zot.
 23494 | Vaults:3 | Glimpsed the power of Zot.
 23543 | Vaults:2 | Glimpsed the power of Zot.
 23583 | Vaults:2 | Glimpsed the power of Zot.
 23592 | Vaults:1 | Touched by the power of Zot.
 24197 | D:15     | Entered Level 15 of the Dungeon
 24203 | D:15     | Reached skill level 27 in Axes
 24811 | D:15     | Found a staircase to the Depths.
 24823 | Depths:1 | Entered Level 1 of the Depths
 24837 | Depths:1 | Noticed Nikola
 24855 | Depths:1 | Killed Nikola
 24962 | Depths:1 | Found a gateway to Hell.
 24974 | Depths:1 | Found a one-way gateway to a ziggurat.
 25033 | Depths:1 | Found a one-way gate leading to the halls of Pandemonium.
 25174 | Depths:1 | Found a glowing silver altar of Zin.
 25335 | Depths:2 | Noticed a caustic shrike
 25351 | Depths:2 | Killed a caustic shrike
 25351 | Depths:2 | Noticed a juggernaut
 25354 | Depths:2 | Identified the +1 cloak of Cowardice {rN+ SInv} (Okawaru
                  | gifted it to you on level 2 of the Depths)
 25354 | Depths:2 | Received a gift from Okawaru
 25378 | Depths:2 | Killed a juggernaut
 25379 | Depths:2 | Reached XP level 27. HP: 250/250 MP: 25/37
 25400 | Depths:2 | Reached skill level 10 in Transmutations
 25411 | Depths:2 | Reached skill level 10 in Spellcasting
 25616 | Depths:2 | Noticed Vv
 25640 | Depths:2 | Killed Vv
 25889 | Depths:2 | Reached skill level 10 in Necromancy
 26052 | Depths:3 | Identified the +1 chain mail of the Hungering Gods {Rampage
                  | rPois Str+4 Slay-5} (Okawaru gifted it to you on level 3 of
                  | the Depths)
 26052 | Depths:3 | Received a gift from Okawaru
 26366 | Depths:3 | Found a one-way gate to the infinite horrors of the Abyss.
 26419 | Depths:3 | Found Uvvac's Jewellery Boutique.
 26419 | Depths:3 | Found Qisojomask's Book Emporium.
 26420 | Depths:3 | Found Ystov's Jewellery Boutique.
 26742 | Depths:3 | Glimpsed the power of Zot.
 26769 | Depths:3 | Found Mahuere's Assorted Antiques.
 26781 | Depths:4 | Entered Level 4 of the Depths
 26846 | Depths:4 | Found a gate to the Realm of Zot.
 26922 | Depths:4 | Found Big Baal Hell's Store.
 26947 | Depths:4 | Identified the +1 pair of boots "Soseuthra" {Contam Will+
                  | Str+7} (Okawaru gifted it to you on level 4 of the Depths)
 26947 | Depths:4 | Received a gift from Okawaru
 27066 | Depths:4 | Identified the +9 plate armour of Ucohih {+Inv Regen+}
 27089 | Depths:4 | Noticed a juggernaut
 27115 | Depths:4 | Killed a juggernaut
 27168 | Depths:4 | Found a white marble altar of Elyvilon.
 27297 | Zot:1    | Entered Level 1 of the Realm of Zot
 27312 | Zot:1    | Noticed Parghit
 27322 | Zot:1    | Killed Parghit
 27497 | Zot:1    | Noticed an orb of fire
 27511 | Zot:1    | Killed an orb of fire
 27881 | Zot:2    | Received a gift from Okawaru
 27892 | Zot:2    | You fall into a shaft and drop 2 floors!
 27892 | Zot:4    | Noticed a Killer Klown
 27892 | Zot:4    | Noticed a curse toe
 27901 | Zot:4    | Killed a Killer Klown
 27910 | Zot:4    | Received a gift from Okawaru
 27922 | Zot:4    | Killed a curse toe
 28173 | Zot:4    | Noticed a curse toe
 28181 | Zot:4    | Killed a curse toe
 28644 | Zot:3    | Identified the +1 cloak of the Tuna {rF+ Str+8} (Okawaru
                  | gifted it to you on level 3 of the Realm of Zot)
 28644 | Zot:3    | Received a gift from Okawaru
 29245 | Zot:2    | Noticed Grunn
 29263 | Zot:2    | Killed Grunn
 29301 | Zot:2    | Killed from afar by a Tzitzimitl

Illustrated notes

Levels and vault maps discovered:
D:1:      matt_arrival_spirals, layout_basic
D:2:      layout_basic
D:3:      layout_basic, ebering_ghost_sewer_f
D:4:      layout_rooms, serial_shops, nicolae_square_shop,
          minmay_misc_feat_square
D:5:      layout_rooms, mainiacjoe_overflow_cross_hatched
D:6:      layout_basic, minmay_temple_entry_glassed_door, uniq_grinder
D:7:      layout_basic, doesnt_xom_only_xom, grunt_temple_overflow_open,
          dreamdust_princess_corridor
D:8:      layout_basic, riverfiend_overflow_shadow_ancestor,
          nicolae_sif_muna_condensation, mainiacjoe_overflow_alcove_2,
          dk_noncrumbling_4
D:9:      layout_grid_maze, nicolae_ru_the_path_less_chosen, minivault_7,
          uniq_prince_ribbit1, uniq_erolcha
D:10:     layout_loops_ring, due_lair_maze_entry_diamond, serial_shops,
          nicolae_stop_n_shop_1, minmay_misc_feat_five,
          corexii_leaking_fountain, grunt_decor_arrowhead,
          grunt_decor_one_mirror, kennysheep_generic_room_16, uniq_urug
D:11:     layout_layer_cave
D:12:     layout_roguey, david_orc_4, serial_demonic, serial_demonic_c,
          serial_demonic_d, serial_demonic_c, serial_demonic_e,
          skrybe_limestone_x, uniq_jorgrun, uniq_psyche
D:13:     layout_loops_corners, erik_vaults_2, serial_ice, serial_ice_a,
          serial_ice_l, serial_ice_c, serial_ice_m, hellmonk_jugg_or_not
D:14:     evilmike_diamond_2, layout_basic, minmay_holes
D:15:     gammafunk_enter_depths_forms, layout_irregular_city, nicolae_titane
Temple:   hellmonk_temple_divided_pantheon
Lair:1:   layout_roguey, columned_hall_lemuel, dreamdust_wasp_nest
Lair:2:   layout_regular_city, guppyfry_snake_entry_island, minivault_26,
          uniq_sonja
Lair:3:   layout_layer_cave, st_stairs_8, grunt_megastairs_5
Lair:4:   layout_gridlike, minmay_swamp_entry_wisps, enter_volcano_1,
          hellmonk_guarded_unrand_zhor, infiniplex_staircase_pool_2,
          lemuel_fruit_tree
Lair:5:   layout_roguey, basic_altar, minivault_11
Lair:6:   grunt_lair_end_beastmaster, layout_regular_city, slime_entry_2,
          nicolae_quartered_pool_super, uniq_kirke
Swamp:1:  layout_basic_swamp, nicolae_swamp_triple_paths
Swamp:2:  layout_basic_swamp, hangedman_swamp_pad
Swamp:3:  layout_basic_swamp, nicolae_swamp_orc_logging_accident, swamp_pool4,
          uniq_bai_suzhen
Swamp:4:  swamp, layout_basic_swamp
Snake:1:  layout_grid_shapes, grunt_megastairs_4
Snake:2:  layout_layer_cave, serial_shops, shop, gammafunk_ghost_necromancy,
          uniq_donald, uniq_aizul
Snake:3:  layout_cave_town, abandoned_shop, minmay_shoptagon
Snake:4:  grunt_snake_rune_serpentine_throne, layout_layer_cave, serial_shops,
          shop, serial_bayou_shore_b, grunt_megastairs_2, minmay_shop_star,
          uniq_louise
Slime:1:  layout_caves
Slime:2:  layout_caves
Slime:3:  layout_caves, nicolae_slime_welcoming_committee
Slime:4:  layout_caves
Slime:5
Orc:1:    layout_caves, elves_outpost_lemuel
Orc:2:    grunt_orc_tribal_feast, layout_diamond_mine, serial_shops, shop,
          nicolae_orc_flooded_monolith, nicolae_orc_tapped_out, uniq_snorg
Vaults:1: ontoclasm_vaults_spin, v_misc_23, v_misc_1, v_misc_29,
          nicolae_vaults_three_branches, vaults_room_grunt_arrival_ludios,
          layout_vaults_omnigrid, serial_shops, nicolae_lakefront_shop
Vaults:2: hangedman_vaults_hat, nicolae_vaults_inception_network,
          ontoclasm_vaults_chip, ontoclasm_vaults_ligature,
          hangedman_vaults_pinch, v_misc_27, vaults_mumra_minichess, v_misc_15,
          ontoclasm_vaults_ring_small, vaults_room_corners,
          ontoclasm_vaults_ring_small, nicolae_vaults_little_squares_3,
          layout_vaults_maze_snakey, uniq_frederick
Vaults:3: v_misc_25, minmay_crypt_entry_simple_plaza, v_misc_10,
          nicolae_vaults_rhombus_6, nicolae_vaults_big_ls, v_pattern_1,
          hangedman_vaults_restitches, nicolae_vaults_asterisk,
          nicolae_vaults_murderbox, nicolae_vaults_asterisk,
          layout_vaults_chaotic_city, serial_hangedman_research,
          hangedman_research_probablistics, hangedman_research_quantum,
          hangedman_research_thanatology
Vaults:4: v_misc_19, v_rooms_3, vaults_room_door_hall,
          nicolae_vaults_bisected_slash, v_rooms_1, ontoclasm_vaults_gallery,
          layout_vaults_omnibox, uniq_sojobo, uniq_mennas
Vaults:5
Depths:1: layout_cave_pools, enter_ziggurat_a, serial_sigils_hangedman_snap,
          hell_entry, grunt_pan_entry_spiral, minmay_misc_feat_alley,
          kennysheep_doodads, chequers_serial_rivers_micro_b,
          hangedman_abyss_or_decor_stagger, zin_statuary, uniq_nikola
Depths:2: minmay_swirls_squares, layout_cave_pools, pan_entry,
          pf_hell_entry_tar_river, nicolae_figureground_sparkle, uniq_vv
Depths:3: minmay_slanted_spiral_squares, layout_gridlike, serial_shops,
          nicolae_shop_stone, grunt_hell_horde,
          nicolae_abyss_entry_one_way_or_another, kennysheep_decorative_pillar,
          pan_entry, minmay_pinched_square, minmay_shop_grove,
          minmay_staircase_bubble
Depths:4: evilmike_zot_entry_diamond, layout_twisted_cross,
          nicolae_hell_entry_big_baal_hell, fountainhead, elyvilon_altar_1
Zot:1:    layout_gridlike, uniq_parghit
Zot:2:    layout_misc_corridors, st_stairs_11, uniq_grunn
Zot:3:    ebering_greatest_show_in_zot, layout_cathedral_of_symmetry
Zot:4:    kennysheep_six_static_rooms, layout_gridville, evilmike_ambush
          [evilmike_ambush_outer_basic, evilmike_ambush_inner_pond]

Skill      XL: |  1  2  3  4  5  6  7  8  9 10 11 12 13 14 15 16 17 18 19 20 21 22 23 24 25 26 27 |
---------------+----------------------------------------------------------------------------------+-----
Armour         | 4 5 6 8 9 10 11 12 13 14 15 16 17 18 19 20 21 22 24 | 24.6
Shields        | 4 5 6 8 9 10 12 13 15 17 18 19 20 21 22 23 24 25 26 | 26.6
Axes           | 3 4 5 6 7 9 11 14 17 19 20 21 22 23 24 25 26 27 | 27.0
Fighting       | 4 5 6 7 8 9 10 11 12 13 15 16 17 18 19 20 21 22 | 22.7
Invocations    | 3 5 7 9 10 12 | 12.0
Dodging        | 6 |  6.0
Spellcasting   | 1 5 7 9 14 | 14.2
Transmutations | 2 5 8 9 14 | 14.3
Necromancy     | 1 5 7 9 13 | 13.2

Action                   |  1- 3 |  4- 6 |  7- 9 | 10-12 | 13-15 | 16-18 | 19-21 | 22-24 | 25-27 || total
-------------------------+-------+-------+-------+-------+-------+-------+-------+-------+-------++-------
Melee: War axe           |    76 |   169 |    81 |       |       |       |       |       |       ||   326
       Whip              |       |       |   168 |   581 |   682 |       |       |       |       ||  1431
       Broad axe         |       |       |       |       |   235 |   735 |   796 |   797 |  1826 ||  4389
Throw: Dart              |       |       |       |       |     1 |       |       |       |       ||     1
       Throwing net      |       |       |       |       |       |       |     1 |       |       ||     1
Invok: Heroism           |       |       |       |    15 |    23 |    10 |    11 |    24 |    22 ||   105
       Finesse           |       |       |       |     2 |     6 |     1 |     5 |     6 |    17 ||    37
Evoke: Wand              |       |       |     2 |    16 |    31 |     2 |       |       |     5 ||    56
  Use: Scroll            |       |       |     4 |    14 |     9 |     6 |     6 |     2 |     4 ||    45
       Potion            |       |       |     1 |     2 |     8 |       |     6 |     3 |     4 ||    24
 Stab: Invisible         |       |       |       |    24 |     1 |       |       |       |       ||    25
       Paralysed         |       |       |       |    25 |     7 |       |       |       |       ||    32
       Petrified         |       |       |       |       |       |     4 |       |       |       ||     4
       Petrifying        |       |       |       |       |       |     1 |       |       |       ||     1
       Confused          |       |       |       |       |       |       |     1 |       |       ||     1
       Held in net/web   |       |       |       |       |       |       |     3 |       |       ||     3
       Distracted        |       |       |       |       |       |       |       |     1 |       ||     1
Armor: Scale mail        |    55 |    85 |       |       |       |       |       |       |       ||   140
       Chain mail        |       |    12 |    90 |       |       |       |       |       |       ||   102
       Plate armour      |       |       |    32 |   217 |   352 |     9 |       |       |       ||   610
       Gold dragon scale |       |       |       |       |       |   265 |   436 |   300 |   812 ||  1813
Dodge: Dodged            |    34 |   114 |    78 |   197 |   260 |   144 |   184 |   139 |   320 ||  1470
Block: Buckler           |    29 |    56 |    54 |   161 |   211 |       |       |       |       ||   511
       Tower shield      |       |       |       |       |   286 |   760 |   808 |   715 |  1676 ||  4245

Table legend: (Time is in decaauts)
 A = Elapsed time spent in this place.
 B = Non-inter-level travel time spent in this place.
 C = Inter-level travel time spent in this place.
 D = Time resting spent in this place.
 E = Time spent auto-exploring this place.
 F = Levels seen in this place.
 G = Mean time per level.
                   A        B        C        D        E       F      G
               +--------+--------+--------+--------+--------+-----+--------+
         Total |  27605 |  24556 |   3049 |     11 |      0 |  52 |  530.9 |
       Dungeon |   9164 |   8197 |    967 |      0 |      0 |  15 |  610.9 |
        Temple |     52 |     39 |     13 |      0 |      0 |   1 |   52.0 |
          Lair |   3207 |   2556 |    651 |      0 |      0 |   6 |  534.5 |
         Swamp |   1688 |   1544 |    144 |      0 |      0 |   4 |  422.0 |
     Snake Pit |   2640 |   2035 |    605 |      0 |      0 |   4 |  660.0 |
    Slime Pits |   1413 |   1262 |    151 |      4 |      0 |   5 |  282.6 |
  Orcish Mines |    982 |    879 |    103 |      0 |      0 |   2 |  491.0 |
        Vaults |   4082 |   3831 |    251 |      7 |      0 |   5 |  816.4 |
        Depths |   2166 |   2061 |    105 |      0 |      0 |   4 |  541.5 |
           Zot |   1802 |   1746 |     56 |      0 |      0 |   4 |  450.5 |
         Abyss |    117 |    117 |      0 |      0 |      0 |   1 |  117.0 |
       Volcano |    284 |    284 |      0 |      0 |      0 |   1 |  284.0 |
               +--------+--------+--------+--------+--------+-----+--------+

Top non-repeatable levels by time:
Vaults:5: 979 daAuts
     D:9: 928 daAuts
Vaults:4: 843 daAuts
 Snake:4: 831 daAuts
Vaults:2: 823 daAuts
     D:7: 787 daAuts
Vaults:3: 784 daAuts
  Lair:6: 760 daAuts
    D:12: 726 daAuts
    D:10: 717 daAuts
     D:8: 711 daAuts
Depths:3: 709 daAuts
 Snake:2: 687 daAuts
   Zot:4: 662 daAuts
Vaults:1: 651 daAuts
